 Dungeon Crawl Stone Soup version 0.26.1-15-g04117e645d (webtiles) character file.

Game seed: 9786125460110716262

212 Froggeryz the Cutter (level 5, 0/34 HPs)
             Began as an Octopode Brigand on Mar 5, 2022.
             Slain by a goblin
             ... wielding a +0 dagger
              (5 damage)
             ... on level 3 of the Dungeon.
             The game lasted 00:01:43 (1426 turns).

Froggeryz the Cutter (Octopode Brigand)             Turns: 1426, Time: 00:01:44

Health: 0/34       AC:  1    Str: 10    XL:     5   Next: 89%
Magic:  5/5        EV: 13    Int: 20    God:
Gold:   121        SH:  0    Dex: 14    Spells: 4/4 levels left

rFire    . . .     SeeInvis .   a - +2 dagger
rCold    . . .     Faith    .   (no shield)
rNeg     . . .     Spirit   .   (helmet restricted)
rPois    .         Reflect  .   (no amulet)
rElec    .         Harm     .   d - +6 ring of intelligence
rCorr    .         Rampage  .   (no ring)
Will     .....                  (no ring)
Stlth    ++++......             (no ring)
HPRegen  0.11/turn              (no ring)
MPRegen  0.09/turn              (no ring)
                                (no ring)
                                (no ring)

@: no status effects
A: almost no armour, stealthy swim, amphibious, 8 rings, constrict 8, camouflage
1, gelatinous body 1
a: no special abilities


You were on level 3 of the Dungeon.
You visited 1 branch of the dungeon, and saw 3 of its levels.

You collected 121 gold pieces.

Inventory:

Hand Weapons
 a - a +2 dagger (weapon)
Missiles
 b - 31 poisoned darts (quivered)
 c - 2 curare-tipped darts
Jewellery
 d - a +6 ring of intelligence (left tentacle)
Scrolls
 e - a scroll of remove curse
 f - 3 scrolls of identify {unknown}
 g - a scroll of magic mapping {unknown}
 j - a scroll of teleportation {unknown}
Potions
 h - a potion of cancellation {unknown}
 i - a potion of might {unknown}


   Skills:
 - Level 2.0 Fighting
 * Level 5.9 Short Blades
 - Level 2.0 Throwing
 - Level 1.0 Dodging
 - Level 5.3 Stealth


You had 4 spell levels left.
You didn't know any spells.
Your spell library was empty.

Dungeon Overview and Level Annotations

Branches:
Dungeon (3/15)

Altars:


Innate Abilities, Weirdness & Mutations

You cannot wear most types of armour.
You are very stealthy in the water. (Stealth+)
You are amphibious.
You can wear up to eight rings at the same time.
You can use your tentacles to constrict eight enemies at once.
Your skin changes colour to match your surroundings (Stealth+).
Your rubbery body absorbs attacks. (AC +1, EV +1)


Message History

You hit the orc.
You kill the orc!
The orc throws a stone.
The stone hits you. The goblin hits you but does no damage. The orc hits you.
Things that are here:
a +0 short sword; a +0 chain mail You closely miss the orc.
Your grab misses the orc. The goblin barely misses you. The orc hits you.
* * * LOW HITPOINT WARNING * * *
You hit the orc. You grab the orc.
The orc is lightly wounded.
You constrict the orc. The goblin hits you with a +0 dagger.
* * * LOW HITPOINT WARNING * * *
You closely miss the goblin. Your grab misses the goblin.
You constrict the orc. The orc hits you.
* * * LOW HITPOINT WARNING * * *
You hit the orc.
You kill the orc!
The goblin hits you with a +0 dagger.
You die...

..... #...# #...# #†#.#
#...# #.).# #...#
###.###(##
#......g@#########
#.##.###(##......#
.........#.####.#
.#.##......####.#
.............#.# #
#.##......##.#.#
#.#.##.##.<..#......#
#.........#.####...##
#######.####.###.....#####


You could see a goblin.

Vanquished Creatures
  An ogre (D:2)
  6 adders
  2 oozes (D:2)
  2 dart slugs
  4 orcs (D:3)
  5 giant cockroaches
  7 goblins
  5 hobgoblins
  2 jackals (D:2)
  5 kobolds
  A quokka (D:2)
  A ball python (D:2)
  7 bats
  3 frilled lizards (D:1)
  8 rats
59 creatures vanquished.

Notes
Turn   | Place    | Note
-------+----------+-------------------------------------------
     0 | D:1      | Froggeryz the Octopode Brigand began the quest for the Orb.
     0 | D:1      | Reached XP level 1. HP: 14/14 MP: 1/1
   150 | D:1      | Reached XP level 2. HP: 19/19 MP: 2/2
   460 | D:2      | Reached XP level 3. HP: 24/24 MP: 3/3
   790 | D:2      | Noticed an ogre
   797 | D:2      | Killed an ogre
   798 | D:2      | Reached skill level 5 in Short Blades
   798 | D:2      | Reached XP level 4. HP: 29/29 MP: 4/4
   798 | D:2      | Reached XP level 5. HP: 34/34 MP: 5/5
  1426 | D:3      | Slain by a goblin

Illustrated notes

Levels and vault maps discovered:
D:1:      saegor_arrival_simple_a, layout_rooms
D:2:      layout_rooms, minmay_circle_x
D:3:      layout_loops_cross

Skill      XL: |  1  2  3 |
---------------+----------+-----
Short Blades   | 3 5 |  5.9
Fighting       | |  2.0
Throwing       | |  2.0
Dodging        | |  1.0
Stealth        | |  5.3

Action                   |  1- 3 |  4- 6 || total
-------------------------+-------+-------++-------
Melee: Dagger            |    56 |    63 ||   119
       Constrict         |    12 |    13 ||    25
       Tentacles         |     9 |    10 ||    19
Throw: Dart              |       |     3 ||     3
  Use: Scroll            |       |     1 ||     1
 Stab: Sleeping          |    11 |     6 ||    17
       Distracted        |     1 |     1 ||     2
Armor: Skin              |     9 |     5 ||    14
Dodge: Dodged            |    23 |    32 ||    55
